 Dungeon Sprint DCSS version 0.18-a0-1805-g8ab820f (webtiles) character file.

367 Kidiri the Covert (level 6, -2/28 HPs)
             Began as a Spriggan Enchanter on Apr 25, 2016.
             Slain by a neqoxec (7 damage)
             ... in the Dungeon (Sprint II: "The Violet Keep of Menkaure").
             The game lasted 00:01:28 (74 turns).

Kidiri the Covert (Spriggan Enchanter)                Turns: 74, Time: 00:01:29

Health: -2/28      AC:  3    Str:  4      XL:     6   Next: 41%
Magic:  12/17      EV: 24    Int: 12 (17) God:
Gold:   0          SH:  0    Dex: 17 (18) Spells: 1 memorised, 18 levels left

rFire  . . .     SeeInvis +     a - +1 dagger
rCold  . . .     Gourm    .     b - +1 robe
rNeg   . . .     Faith    .     (shield restricted)
rPois  .         Spirit   .     (helmet restricted)
rElec  .         Dismiss  .     (no cloak)
rCorr  .         Reflect  .     (gloves unavailable)
SustAt .         Harm     .     (boots unavailable)
MR     +....     NoTele   +     (no amulet)
Stlth  +++++.....               (no ring)
                                (no ring)

@: very slightly contaminated, hasted, very quick, somewhat resistant to hostile
enchantments, quite stealthy
A: unfitting armour, see invisible, herbivore 3, speed 3, frail 1, screaming 1,
slow metabolism 2, subdued magic 1
a: no special abilities


You were in the Dungeon.
You were not hungry.

You visited 1 branch

Inventory:

Hand Weapons
 a - a +1 dagger (weapon)
Armour
 b - a +1 robe (worn)
Scrolls
 j - a scroll of blinking
Potions
 h - 2 potions of magic
Books
 c - a book of Maledictions

   Spells                             Type                      Level
   a - Corona                         Hexes                        1
   b - Ensorcelled Hibernation        Hexes/Ice                    2
   c - Confuse                        Hexes                        3
   d - Tukima's Dance                 Hexes                        3
   e - Dazzling Spray                 Conjuration/Hexes            3
Comestibles
 d - a bread ration


   Skills:
 + Level 3.2 Fighting
 * Level 6.4 Short Blades
 + Level 2.9 Armour
 * Level 8.9 Dodging
 * Level 10.2 Stealth
 * Level 7.4 Spellcasting
 + Level 6.0 Hexes


You had 18 spell levels left.
You knew the following spells:

 Your Spells              Type           Power        Failure   Level  Hunger
a - Corona                Hex            ##.....      1%          1    None


Dungeon Overview and Level Annotations

Branches:
Dungeon (1/1)

Altars:


Innate Abilities, Weirdness & Mutations

You are tiny and cannot use many weapons and most armour.
You have supernaturally acute eyesight.
You are a herbivore.
You cover ground extremely quickly.
You need consume almost no food.
You are frail (-10% HP).
You occasionally shout uncontrollably at your foes.
Your spells are a little easier to cast, but a little less powerful.


Message History

The quasit completely misses you. The quasit barely misses you.
The neqoxec completely misses you.
The crimson imp blinks!
Unknown command.
You hit the neqoxec but do no damage.
The neqoxec is heavily wounded.
The quasit misses you. The quasit completely misses you. x2
You hit the neqoxec.
The neqoxec is heavily wounded.
You feel less exhausted. The neqoxec barely misses you.
You barely miss the neqoxec.
The neqoxec is heavily wounded.
The quasit disappears in a puff of smoke!
The crimson imp barely misses you.
You hit the neqoxec.
The neqoxec is heavily wounded.
You hit the neqoxec.
The neqoxec is heavily wounded.
The neqoxec hits you!
You die...

### ##
#5.##.#
#35.#
#@#
##5##
+.<.+
##.##
#+#


You could see a neqoxec, an iron imp, a quasit and a crimson imp.

Vanquished Creatures
  3 neqoxecs (D)
3 creatures vanquished.

Vanquished Creatures (others)
  A crocodile (D)
1 creature vanquished.

Grand Total: 4 creatures vanquished

Notes
Turn   | Place    | Note
--------------------------------------------------------------
     0 | D        | Kidiri the Spriggan Enchanter began the quest for the Orb.
     0 | D        | Reached XP level 1. HP: 9/9 MP: 5/5
     1 | D        | Noticed a neqoxec
     1 | D        | Noticed a neqoxec
     1 | D        | Noticed a neqoxec
     1 | D        | Noticed a neqoxec
     5 | D        | Noticed a crimson imp
     9 | D        | Killed a neqoxec
     9 | D        | Reached skill level 1 in Armour
     9 | D        | Reached skill level 7 in Stealth
     9 | D        | Reached skill level 5 in Spellcasting
     9 | D        | Reached XP level 2. HP: 15/15 MP: 6/9
     9 | D        | Reached XP level 3. HP: 18/18 MP: 6/10
     9 | D        | Reached XP level 4. HP: 23/23 MP: 7/12
    14 | D        | Killed a neqoxec
    14 | D        | Reached skill level 5 in Short Blades
    14 | D        | Reached skill level 9 in Stealth
    14 | D        | Reached skill level 5 in Hexes
    14 | D        | Reached XP level 5. HP: 28/28 MP: 8/15
    14 | D        | Gained mutation: You are frail (-10% HP). [a neqoxec]
    18 | D        | Killed a neqoxec
    18 | D        | Reached skill level 10 in Stealth
    18 | D        | Reached XP level 6. HP: 28/28 MP: 9/17
    27 | D        | Gained mutation: You occasionally shout uncontrollably at your foes. [a neqoxec]
    41 | D        | HP: 1/28 [neqoxec (14)]
    65 | D        | Gained mutation: Your spells are a little easier to cast, but a little less powerful. [a neqoxec]
    74 | D        | Slain by a neqoxec

Vault maps used:
D:        the_violet_keep_of_menkaure

Skill      XL: |  1  2  3  4  5 |
---------------+----------------+-----
Fighting       | 2 3 |  3.2
Short Blades   | 4 5 6 |  6.4
Armour         | 1 2 |  2.9
Dodging        | 6 8 |  8.9
Stealth        | 7 9 10 | 10.2
Spellcasting   | 5 6 7 |  7.4
Hexes          | 4 5 6 |  6.0

Action                   |  1- 3 |  4- 6 || total
-------------------------+-------+-------++-------
Melee: Dagger            |     7 |    57 ||    64
 Cast: Corona            |       |     4 ||     4
  Use: Potion            |     1 |     3 ||     4
Armor: Robe              |       |     5 ||     5
Dodge: Dodged            |     1 |    78 ||    79
